 Dungeon Crawl Stone Soup version 0.31-a0-185-g9dded2c639 (webtiles) character file.

Game seed: 4000228526779517707

287 qw the Skirmisher (level 6, -6/35 HPs)
             Began as a Deep Elf Hunter on June 22, 2023.
             Mangled by Pikel
             ... wielding a +2 whip of freezing
              (10 damage)
             ... on level 3 of the Dungeon.
             The game lasted 00:01:12 (2835 turns).

qw the Skirmisher (Deep Elf Hunter)                 Turns: 2835, Time: 00:01:13

Health: -6/35      AC:  5    Str: 10    XL:     6   Next: 8%
Magic:  8/8        EV: 13    Int: 14    God:
Gold:   89         SH:  0    Dex: 18    Spells: 5/5 levels left

rFire   . . .        Y - +1 shortbow
rCold   . . .        (shield currently unavailable)
rNeg    . . .        c - +0 leather armour
rPois   .            (no helmet)
rElec   .            (no cloak)
rCorr   +            (no gloves)
SInv    .            j - +1 pair of boots
Will    .....        (no amulet)
Stlth   ++           d - ring of resist corrosion
HPRegen 0.25/turn    (no ring)
MPRegen 0.11/turn

%: no passive effects
@: no status effects
A: no striking features
a: no special abilities


You were on level 3 of the Dungeon.
You visited 1 branch of the dungeon, and saw 4 of its levels.

You collected 191 gold pieces.
You spent 102 gold pieces at shops.


   Skills:
 - Level 2.0 Fighting
 + Level 9.2 Ranged Weapons
 - Level 3.2 Dodging
 - Level 1.2 Stealth


You had 5 spell levels left.
You didn't know any spells.
Your spell library was empty.

Inventory:

Hand Weapons
 Y - a +1 shortbow (weapon)
Armour
 c - a +0 leather armour (worn)
 j - a +1 pair of boots (worn)
Jewellery
 d - a ring of resist corrosion (left hand)
Scrolls
 a - a scroll of identify
Potions
 b - a potion of mutation
 e - 2 potions of haste
 g - a potion of curing
 h - a potion of attraction {unknown}
 i - a potion of ambrosia {unknown}

Dungeon Overview and Level Annotations

Branches:
Dungeon (4/15)
 Temple: D:4-7

Altars:

Shops:
D:1 =[   D:2 *   D:3 *

Annotations:
D:1 2 transporters
D:3 Pikel


Message History

You see here a hobgoblin skeleton.
2803 ||| FLEEEEING.
2804 ||| FLEEEEING.
2805 ||| FLEEEEING.
2806 ||| FLEEEEING.
2807 ||| FLEEEEING.
2808 ||| FLEEEEING.
2809 ||| FLEEEEING.
2810 ||| FLEEEEING.
2811 ||| FLEEEEING.
There is a stone staircase leading up here.
2812 ||| STAIRDANCE You climb upwards.
There is a stone staircase leading down here.
You start resting.
HP restored.
Done exploring.
(D) Dungeon
Where to? (* - list waypoints, Enter - D:4, ? - help)
What level of the Dungeon? (default 1, ? - help)
You climb downwards.
Level annotation: Pikel Pikel closely misses you.
There is a stone staircase leading up here.
There are monsters nearby!
You shoot an arrow. The arrow hits Pikel.
Pikel is lightly wounded.
Pikel hits you with a +2 whip of freezing!
Pikel freezes you.
2832 ||| STAIRDANCE Pikel hits you with a +2 whip of freezing!
Pikel freezes you.
You climb upwards.
There is a stone staircase leading down here.
You shoot an arrow. The arrow barely misses Pikel.
Pikel hits you with a +2 whip of freezing.
Pikel freezes you.
You shoot an arrow. The arrow closely misses Pikel.
Pikel hits you with a +2 whip of freezing!
You die...

##..# ###.....######.# ##.#
###.....######.#
#.#####.....######.#
#.#.......########.#
#.#.#######........#
#.#.#######.#####..#
##.#.#.......#####..#
#....#.#####........###
#####.#...@K...#..#.##.....
#######...#...##.##...........###
....:...#.######.###.#..####..###
#.##.#....#### #........####..##.
#.##.#.#.)...# #..............##.
..##.#..)###.# #####.########.#..
####.##..###.# ##.## #...#
####.##....#.### #...# ###..
.....##.##.#...# #...##########.


You could see Pikel.

Vanquished Creatures
  3 lemures (D:4)
  A jelly (D:4)
  2 orc priests (D:4)
  An orc wizard (D:3)
  3 gnolls (D:3)
  5 adders
  A white imp (D:4)
  A worm (D:2)
  A dart slug (D:3)
  11 orcs
  6 ball pythons
  An endoplasm (D:1)
  5 giant cockroaches
  10 goblins
  5 hobgoblins
  6 jackals
  4 quokkas
  4 bats
  A frilled lizard (D:1)
  4 kobolds
  4 rats
79 creatures vanquished.

Notes
Turn   | Place    | Note
-------+----------+-------------------------------------------
     0 | D:1      | qw the Deep Elf Hunter began the quest for the Orb.
     0 | D:1      | Reached XP level 1. HP: 12/12 MP: 3/3
     0 | D:1      | 0 ||| qw: Version: 0.3-a-9-g12657ce
     0 | D:1      | 0 ||| qw: Game counter: 1854
     0 | D:1      | 0 ||| qw: Always use a shield: true
     0 | D:1      | 0 ||| qw: God list: Okawaru
     0 | D:1      | 0 ||| qw: Allow faded altars: false
     0 | D:1      | 0 ||| qw: Do Orc after D:15 true
     0 | D:1      | 0 ||| qw: Do second Lair branch before Depths: true
     0 | D:1      | 0 ||| qw: Lair rune preference: random
     0 | D:1      | 0 ||| qw: Plans: Normal
     0 | D:1      | 0 ||| PLANNING D:1-11
    27 | D:1      | Found Laf Xuwu's Antique Armour Shoppe.
    36 | D:1      | 36 ||| SHOPLISTING pair of boots (103 gold, have 12).
    36 | D:1      | 36 ||| SHOPLISTING pair of gloves (103 gold, have 12).
    36 | D:1      | 36 ||| SHOPLISTING scale mail (92 gold, have 12).
    77 | D:1      | Reached XP level 2. HP: 16/16 MP: 4/4
   104 | D:1      | Reached skill level 6 in Ranged Weapons
   480 | D:1      | Found a transporter.
   482 | D:1      | Found Pezidi's Jewellery Shoppe.
   607 | D:1      | Found a transporter.
   699 | D:1      | Reached XP level 3. HP: 20/20 MP: 5/5
   780 | D:1      | 780 ||| UPGRADING to ring of resist corrosion.
   781 | D:1      | 781 ||| READING scroll labelled WUDGHO ESMASHICH.
   782 | D:1      | 782 ||| READING scroll labelled CILLEI GIMIHIM.
   821 | D:1      | 821 ||| READING scroll labelled NAOM JUHUNLUINO.
   822 | D:1      | 822 ||| READING scroll labelled RYIRCH DEATEAR.
   823 | D:1      | 823 ||| READING scroll labelled CATIS ZUSCHUCKE.
   824 | D:1      | 824 ||| DROPPING scroll of butterflies.
   876 | D:2      | Reached skill level 7 in Ranged Weapons
  1462 | D:2      | Found Ikoanwiv's General Store.
  1465 | D:2      | 1465 ||| BUYING potion of mutation (80 gold).
  1465 | D:2      | Bought a potion of mutation for 80 gold pieces
  1465 | D:2      | 1465 ||| SHOPLISTING scroll of identify (20 gold, have 14).
  1501 | D:2      | 1501 ||| READING scroll labelled IXYX UCSOMUI.
  1502 | D:2      | 1502 ||| DRINKING 3 bubbling yellow potions.
  1503 | D:2      | 1503 ||| DRINKING 3 fizzy inky potions.
  1557 | D:2      | 1557 ||| DROPPING 2 potions of lignification.
  1576 | D:3      | 1576 ||| STAIRDANCE
  1618 | D:3      | Reached XP level 4. HP: 25/25 MP: 6/6
  1654 | D:3      | Found a faded altar of an unknown god.
  1830 | D:3      | Reached skill level 8 in Ranged Weapons
  1839 | D:3      | HP: 4/25 [gnoll/+0 whip (10)]
  1981 | D:3      | Found Ipostr Peet's General Store.
  1988 | D:3      | 1988 ||| SHOPLISTING 2 potions of heal wounds (110 gold,
                  | have 53).
  1988 | D:3      | 1988 ||| BUYING scroll of identify (22 gold).
  1988 | D:3      | Bought a scroll of identify for 22 gold pieces
  2090 | D:3      | 2090 ||| Stepping ~*~*~tactically~*~*~ (outnumbered).
  2096 | D:3      | Reached XP level 5. HP: 29/29 MP: 7/7
  2518 | D:3      | 2518 ||| UPGRADING to +1 pair of boots.
  2523 | D:3      | 2523 ||| READING scroll labelled KOBAZX PAINGO.
  2524 | D:3      | 2524 ||| READING 2 scrolls of identify.
  2524 | D:3      | 2524 ||| IDENTIFYING yellow potion
  2583 | D:4      | Reached skill level 9 in Ranged Weapons
  2643 | D:4      | Reached skill level 3 in Dodging
  2657 | D:4      | Reached XP level 6. HP: 35/35 MP: 8/8
  2738 | D:4      | Noticed Pikel
  2751 | D:4      | 2751 ||| FLEEEEING.
  2752 | D:4      | 2752 ||| FLEEEEING.
  2753 | D:4      | 2753 ||| FLEEEEING.
  2754 | D:4      | 2754 ||| FLEEEEING.
  2755 | D:4      | 2755 ||| FLEEEEING.
  2756 | D:4      | 2756 ||| FLEEEEING.
  2757 | D:4      | 2757 ||| FLEEEEING.
  2758 | D:4      | 2758 ||| FLEEEEING.
  2759 | D:4      | 2759 ||| FLEEEEING.
  2760 | D:4      | 2760 ||| FLEEEEING.
  2761 | D:4      | 2761 ||| FLEEEEING.
  2762 | D:4      | 2762 ||| FLEEEEING.
  2763 | D:4      | 2763 ||| FLEEEEING.
  2764 | D:4      | 2764 ||| FLEEEEING.
  2765 | D:4      | 2765 ||| FLEEEEING.
  2766 | D:4      | 2766 ||| FLEEEEING.
  2767 | D:4      | 2767 ||| FLEEEEING.
  2768 | D:4      | 2768 ||| FLEEEEING.
  2769 | D:4      | 2769 ||| FLEEEEING.
  2770 | D:4      | 2770 ||| FLEEEEING.
  2771 | D:4      | 2771 ||| FLEEEEING.
  2772 | D:4      | 2772 ||| FLEEEEING.
  2773 | D:4      | 2773 ||| FLEEEEING.
  2774 | D:4      | 2774 ||| FLEEEEING.
  2775 | D:4      | 2775 ||| FLEEEEING.
  2776 | D:4      | 2776 ||| FLEEEEING.
  2777 | D:4      | 2777 ||| FLEEEEING.
  2778 | D:4      | 2778 ||| FLEEEEING.
  2779 | D:4      | 2779 ||| FLEEEEING.
  2780 | D:4      | 2780 ||| FLEEEEING.
  2781 | D:4      | 2781 ||| FLEEEEING.
  2782 | D:4      | 2782 ||| FLEEEEING.
  2783 | D:4      | 2783 ||| FLEEEEING.
  2784 | D:4      | 2784 ||| FLEEEEING.
  2785 | D:4      | 2785 ||| FLEEEEING.
  2786 | D:4      | 2786 ||| FLEEEEING.
  2787 | D:4      | 2787 ||| FLEEEEING.
  2788 | D:4      | 2788 ||| FLEEEEING.
  2789 | D:4      | 2789 ||| FLEEEEING.
  2790 | D:4      | 2790 ||| FLEEEEING.
  2791 | D:4      | 2791 ||| FLEEEEING.
  2792 | D:4      | 2792 ||| FLEEEEING.
  2793 | D:4      | 2793 ||| FLEEEEING.
  2794 | D:4      | 2794 ||| FLEEEEING.
  2795 | D:4      | 2795 ||| FLEEEEING.
  2796 | D:4      | 2796 ||| FLEEEEING.
  2797 | D:4      | 2797 ||| FLEEEEING.
  2798 | D:4      | 2798 ||| FLEEEEING.
  2800 | D:4      | 2800 ||| FLEEEEING.
  2801 | D:4      | 2801 ||| FLEEEEING.
  2802 | D:4      | 2802 ||| FLEEEEING.
  2803 | D:4      | 2803 ||| FLEEEEING.
  2804 | D:4      | 2804 ||| FLEEEEING.
  2805 | D:4      | 2805 ||| FLEEEEING.
  2806 | D:4      | 2806 ||| FLEEEEING.
  2807 | D:4      | 2807 ||| FLEEEEING.
  2808 | D:4      | 2808 ||| FLEEEEING.
  2809 | D:4      | 2809 ||| FLEEEEING.
  2810 | D:4      | 2810 ||| FLEEEEING.
  2811 | D:4      | 2811 ||| FLEEEEING.
  2812 | D:4      | 2812 ||| STAIRDANCE
  2832 | D:4      | 2832 ||| STAIRDANCE
  2834 | D:3      | HP: 4/35 [Pikel/+2 whip of freezing (5)]
  2835 | D:3      | Mangled by Pikel

Levels and vault maps discovered:
D:1:      dpeg_arrival_simpleton_c, layout_basic, serial_shops, shop,
          nicolae_shop_drivethru
D:2:      layout_loops_ring, serial_shops, nicolae_shop_behind_doors
D:3:      layout_loops_cross, serial_shops, nicolae_shop_tiny_statue_garden,
          nicolae_ecumenical_snake_handling
D:4:      layout_basic, uniq_pikel

Skill      XL: |  1  2  3  4  5 |
---------------+----------------+-----
Ranged Weapons | 6 7 8 9 |  9.2
Dodging        | 3 |  3.2
Fighting       | 2 |  2.0
Stealth        | |  1.2

Action                     |  1- 3 |  4- 6 || total
---------------------------+-------+-------++-------
   Fire: Shortbow          |   107 |   154 ||   261
    Use: Scroll            |     6 |     2 ||     8
         Potion            |     2 |       ||     2
 Armour: Leather armour    |     8 |    17 ||    25
  Dodge: Dodged            |    28 |    36 ||    64

Table legend:
 A = Non-vault XP
 B = Vault XP
 C = Vault XP percentage of total XP
 D = Non-vault monster count
 E = Vault monster count
 F = Vault count percentage of total count
                 A         B        C        D         E       F
            +---------+---------+-------+---------+---------+-------
      Total |     383 |      28 |   6.8 |      73 |       3 |   3.9
            +---------+---------+-------+---------+---------+-------
        D:1 |      46 |       0 |   0.0 |      27 |       0 |   0.0
        D:2 |      44 |       0 |   0.0 |      10 |       0 |   0.0
        D:3 |     134 |      28 |  17.3 |      24 |       3 |  11.1
        D:4 |     159 |       0 |   0.0 |      12 |       0 |   0.0
            +---------+---------+-------+---------+---------+-------
